 Dungeon Crawl Stone Soup version 0.30-a0-748-ge6a52f7cba (webtiles) character file.

Game seed: 13559880077244430148

16347 kae the Geomancer (level 12, -1/59 HPs)
             Began as a Gargoyle Earth Elementalist on Feb 8, 2023.
             Was a Priest of Vehumet.
             Slain by a komodo dragon (20 damage)
             ... on level 2 of the Lair of Beasts.
             The game lasted 00:12:05 (11295 turns).

kae the Geomancer (Gargoyle Earth Elementalist)    Turns: 11295, Time: 00:12:06

Health: -1/59      AC: 29    Str: 17    XL:     12   Next: 36%
Magic:  1/23       EV:  8    Int: 26    God:    Vehumet [***...]
Gold:   819        SH:  0    Dex:  8    Spells: 16/26 levels left

rFire   + . .      SeeInvis +    p - +8 long sword of Rait {drain, rF+ Str+5}
rCold   . . .      Faith    .    (no shield)
rNeg    + + .      Spirit   .    i - +7 chain mail of the Sun {Int+5}
rPois   ∞          Reflect  .    (no helmet)
rElec   +          Harm     .    (no cloak)
rCorr   +          Rampage  .    j - +1 Delatra's gloves {ID++}
Will    .....                    (no boots) Stlth
                                 g - amulet of regeneration
HPRegen 1.09/turn                H - ring "Ogeipyil" {rPois Dex+3}
MPRegen 0.18/turn                L - ring of Kisoa {rElec rN+ rCorr Dex-5 SInv}

@: no status effects
A: sickness immunity, AC +8, negative energy resistance 1, electricity
resistance, torment resistance 1, petrification resistance
a: Renounce Religion


You were on level 2 of the Lair of Beasts.
You worshipped Vehumet.
Vehumet was most pleased with you.
You visited 3 branches of the dungeon, and saw 13 of its levels.
You also visited: Ossuary.

You collected 874 gold pieces.
You spent 55 gold pieces at shops.


Innate Abilities, Weirdness & Mutations

You are immune to sickness and miasma.
Your stone body is resilient. (AC +8)
You are immune to poison.
You resist negative energy. (rN+)
You are resistant to electric shocks. (rElec)
You are resistant to unholy torment.
You are immune to petrification.


   Skills:
 + Level 8.0 Armour
 + Level 2.6 Dodging
 - Level 2.1 Stealth
 + Level 7.8 Spellcasting
 * Level 12.6 Conjurations
 - Level 0.7 Transmutations
 * Level 14.1 Earth Magic


You had 16 spell levels left.
You knew the following spells:

 Your Spells              Type           Power      Damage    Failure   Level
a - Sandblast             Erth           100%       2d20      1%          1
b - Stone Arrow           Conj/Erth      100%       3d13      1%          3
c - Passwall              Tmut/Erth      40%        N/A       4%          2
d - Petrify               Tmut/Erth      48%        N/A       30%         4

Your spell library contained the following spells:

 Spells                   Type           Power      Damage    Failure   Level
 Dazzling Flash           Conj/Hex       86%        N/A       4%          3
 Ignite Poison            Fire/Tmut/Pois 11%        N/A       38%         3
 Kindle Blastsparks       Fire/Tloc/Air  20%        2d11      41%         3
 Apportation              Tloc           20%        N/A       54%         1
 Necrotise                Necr           40%        1d6       54%         1
 Slow                     Hex            40%        N/A       54%         1
 Summon Small Mammal      Summ           40%        N/A       54%         1
 Wereblood                Tmut           13%        N/A       56%         2
 Freezing Cloud           Conj/Ice/Air   16%        6-21      58%         5
 Ensorcelled Hibernation  Hex/Ice        20%        N/A       67%         2
 Lesser Beckoning         Tloc           20%        N/A       67%         2
 Confusing Touch          Hex            10%        N/A       88%         3
 Gell's Gravitas          Tloc           10%        N/A       88%         3
 Swiftness                Air            10%        N/A       88%         3
 Teleport Other           Tloc           10%        N/A       88%         3
 Vampiric Draining        Necr           10%        2d6       88%         3
 Summon Hydra             Summ           5%         N/A       100%        7
 Sublimation of Blood     Necr           Unusable   N/A       N/A         2

Inventory:

Hand Weapons
 e - a +0 short sword
   (You took it off a kobold on level 1 of the Dungeon)
 l - the +1 long sword "Nudieff" {flame, rElec rF+ Str+3 Int+3}
   (You found it on level 2 of the Dungeon)

   Str:       It affects your strength (+3).
   Int:       It affects your intelligence (+3).
   rF:        It protects you from fire.
   rElec:     It insulates you from electricity.
 p - the +8 long sword of Rait (weapon) {drain, rF+ Str+5}
   (You found it on level 2 of the Dungeon)

   Str:       It affects your strength (+5).
   rF:        It protects you from fire.
 r - a +1 heavy dagger
   (You took it off a kobold on level 1 of the Dungeon)
 s - the +2 mace "Ciatan Awni" {heavy, rF+ rN++ Int+2 SInv}
   (You found it on level 5 of the Dungeon)

   Int:       It affects your intelligence (+2).
   rF:        It protects you from fire.
   rN:        It greatly protects you from negative energy.
   SInv:      It lets you see invisible.
Missiles
 f - 141 stones
 q - 18 poisoned darts
 E - 3 boomerangs
 T - 4 atropa-tipped darts
Armour
 a - a +1 robe
 i - the +7 chain mail of the Sun (worn) {Int+5}
   (You found it on level 3 of the Dungeon)

   Int:       It affects your intelligence (+5).
 j - the +1 Delatra's gloves (worn) {ID++}
   (You found it on level 5 of the Dungeon)

   ID++:      It heals its wearer when they drink unknown potions, and restores
   their MP when they read unknown scrolls.
Magical Staves
 u - a staff of air {!a}
   (You found it on level 8 of the Dungeon)
Jewellery
 g - an amulet of regeneration (around neck)
   (You found it on level 3 of the Dungeon)
 F - a ring of fire
   (You found it on level 2 of the Lair of Beasts)
 G - an amulet of guardian spirit
   (You found it on level 9 of the Dungeon)
 H - the ring "Ogeipyil" (left hand) {rPois Dex+3}
   (You found it on level 8 of the Dungeon)

   [ring of poison resistance]

   Dex:       It affects your dexterity (+3).
   rPois:     It protects you from poison.
 L - the ring of Kisoa (right hand) {rElec rN+ rCorr Dex-5 SInv}
   (You found it on level 9 of the Dungeon)

   [ring of positive energy]

   Dex:       It affects your dexterity (-5).
   rElec:     It insulates you from electricity.
   rN:        It protects you from negative energy.
   SInv:      It lets you see invisible.
   rCorr:     It protects you from acid and corrosion.
 Z - a ring of wizardry
   (You found it on level 2 of the Lair of Beasts)
Wands
 I - a wand of digging (2)
   (You found it on level 8 of the Dungeon)
 J - a wand of quicksilver (5)
   (You found it on level 8 of the Dungeon)
 Q - a wand of flame (1)
   (You found it on level 1 of the Lair of Beasts)
Scrolls
 c - 5 scrolls of immolation {!r!r}
 d - 5 scrolls of teleportation {@r4}
 t - 4 scrolls of fear
 v - 4 scrolls of fog
 y - a scroll of enchant weapon
 C - 2 scrolls of magic mapping {!r}
 M - 2 scrolls of brand weapon
 O - a scroll of enchant armour
 R - a scroll of amnesia
Potions
 b - 2 potions of magic
 h - 3 potions of haste {@q3}
 k - 2 potions of invisibility
 m - 4 potions of curing {@q1}
 n - 4 potions of heal wounds {unknown}
 o - a potion of ambrosia
 w - 3 potions of flight
 x - 2 potions of brilliance
 z - a potion of berserk rage {!q}
 A - 3 potions of resistance
 B - 2 potions of cancellation
 D - 3 potions of might
 K - a potion of mutation {!q}
 P - 2 potions of lignification {!q}
Miscellaneous
 N - a condenser vane
   (You found it on level 9 of the Dungeon)

Dungeon Overview and Level Annotations

Branches:
Dungeon (9/15) Zot: 26078  Temple (1/1) D:5 Zot: 5859    Lair (3/5) D:8 Zot: 15683
Ossuary (visited)
  Swamp: Lair:2-3    Shoals: Lair:2-3     Snake: Lair:2-3    Spider: Lair:2-3
    Orc: D:9-12

Altars:
Ashenzari
Cheibriados
Dithmenos
Fedhas
Gozag
Hepliaklqana
Kikubaaqudgha
Makhleb
Nemelex Xobeh
Okawaru
Sif Muna
Trog
Uskayaw
Vehumet
Wu Jian
Xom
Zin
The Shining One

Shops:
D:3 ? D:7

=
#....##P.##..#.....P#.....#....#.
#.....##..#.###....##....##...#..
...................##....#....###
....................÷.##......###
....................#..#.........
................<................
.................................
...............÷.l..............P
...............Y@Y#.P+#.###......
.............†.÷.###.....##.....†
......###..###...##.......+.....#
.......##'####...##......##......
......#.....##...##......##......
............##...#.......##.....#
.......##.###............#.......
......##..##.....###...P.##.....#
.................###..+#.........


You could see 2 elephants and a komodo dragon.


Message History

Confirm with . or Enter, or press ? or * to list all spells.
Aiming: Stone Arrow (safe; 1% risk of failure)
Press: ? - help, Shift-Dir - straight line, f - elephant
Aim: an elephant (100% to hit)
The stone arrow hits the elephant.
The elephant tramples you but does no damage.
The elephant trunk-slaps you but does no damage.
The elephant tramples you but does no damage.
The elephant barely misses you.
The komodo dragon closely misses you. 😎 HP[+1] MP[-2]
Your hp is fully restored (59).
You lost 2 mp, and now have 9/23 mp.
Casting: Stone Arrow (safe; 1% risk of failure)
Confirm with . or Enter, or press ? or * to list all spells.
Aiming: Stone Arrow (safe; 1% risk of failure)
Press: ? - help, Shift-Dir - straight line, f/p - elephant
Aim: an elephant (lightly wounded, 100% to hit)
The stone arrow hits the elephant.
The elephant tramples you but does no damage.
The elephant trunk-slaps you but does no damage.
The elephant tramples you but does no damage.
The elephant barely misses you.
The komodo dragon bites you but does no damage. 😎 MP[-3]
You lost 3 mp, and now have 6/23 mp.
Casting: Stone Arrow (safe; 1% risk of failure)
Confirm with . or Enter, or press ? or * to list all spells.
Aiming: Stone Arrow (safe; 1% risk of failure)
Press: ? - help, Shift-Dir - straight line, f/p - elephant
Aim: an elephant (lightly wounded, 100% to hit)
The stone arrow hits the elephant!
The elephant tramples you but does no damage.
The elephant trunk-slaps you but does no damage.
The elephant barely misses you.
The elephant trunk-slaps you but does no damage.
The komodo dragon barely misses you. 😎 MP[-3]
You lost 3 mp, and now have 3/23 mp.
Casting: Stone Arrow (safe; 1% risk of failure)
Confirm with . or Enter, or press ? or * to list all spells.
Aiming: Stone Arrow (safe; 1% risk of failure)
Press: ? - help, Shift-Dir - straight line, f/p - elephant
Aim: an elephant (moderately wounded, 100% to hit)
The stone arrow hits the elephant!
The elephant tramples you but does no damage.
The elephant trunk-slaps you but does no damage.
The elephant tramples you!
You hold your ground!
The elephant barely misses you.
The komodo dragon bites you but does no damage.
Unknown command. 😕 HP[-9] MP[-3]
You take 9 damage, and now have 50/59 hp.
You lost 3 mp, and now have 0/23 mp.
Casting: Stone Arrow (safe; 1% risk of failure)
Confirm with . or Enter, or press ? or * to list all spells.
You don't have enough magic to cast this spell.
You hit the elephant. You drain the elephant. The elephant barely misses you.
The elephant closely misses you. x2
The elephant trunk-slaps you but does no damage.
The komodo dragon bites you but does no damage.
The elephant tramples you.
You hold your ground!
The elephant trunk-slaps you but does no damage.
The elephant tramples you.
You hold your ground!
The elephant trunk-slaps you but does no damage. 😕 HP[-3]
You take 3 damage, and now have 47/59 hp.
You slash the elephant! You drain the elephant.
The komodo dragon bites you but does no damage.
The elephant tramples you but does no damage.
The elephant trunk-slaps you but does no damage.
The elephant tramples you but does no damage.
The elephant barely misses you.
The komodo dragon bites you!! 😮 HP[-17] MP[+1]
You take 17 damage, and now have 30/59 hp.
MASSIVE DAMAGE!! (PAUSE)
You hit the elephant but do no damage. You drain the elephant.
The elephant tramples you but does no damage.
The elephant trunk-slaps you but does no damage.
The elephant closely misses you.
The elephant trunk-slaps you but does no damage.
The komodo dragon bites you but does no damage. 😮 HP[+1]
You hit the elephant. You drain the elephant.
The elephant tramples you but does no damage.
The elephant trunk-slaps you but does no damage.
The elephant tramples you but does no damage.
The elephant trunk-slaps you but does no damage.
The komodo dragon bites you.
* * * LOW HITPOINT WARNING * * *
The elephant barely misses you. The elephant closely misses you. x2
The elephant trunk-slaps you but does no damage. 😨 HP[-2]
You take 2 damage, and now have 29/59 hp.
Unknown command.
You hit the elephant. The komodo dragon bites you!
* * * LOW HITPOINT WARNING * * *
The elephant tramples you but does no damage.
The elephant barely misses you. The elephant misses you.
The elephant trunk-slaps you but does no damage.
The komodo dragon bites you!!
You die...

Skill      XL: |  1  2  3  4  5  6  7  8  9 10 11 12 |
---------------+-------------------------------------+-----
Conjurations   | 1 2 3 4 5 7 9 10 12 | 12.6
Earth Magic    | 4 5 6 7 8 10 12 13 14 | 14.1
Spellcasting   | 3 4 5 6 7 |  7.8
Armour         | 1 3 5 6 7 8 |  8.0
Dodging        | 2 |  2.6
Stealth        | |  2.1
Transmutations | |  0.7

Action                     |  1- 3 |  4- 6 |  7- 9 | 10-12 || total
---------------------------+-------+-------+-------+-------++-------
  Melee: Dagger            |     2 |       |       |       ||     2
         Long sword        |       |    62 |    50 |    38 ||   150
         Mace              |       |     8 |       |       ||     8
         Punch             |       |     1 |     2 |     1 ||     4
   Cast: Sandblast         |    57 |    64 |   127 |   130 ||   378
         Stone Arrow       |       |       |    25 |   102 ||   127
  Evoke: Wand              |       |     6 |       |       ||     6
    Use: Scroll            |     1 |    13 |     7 |     5 ||    26
         Potion            |       |       |       |     1 ||     1
   Stab: Sleeping          |       |     1 |       |       ||     1
 Armour: Robe              |     8 |    51 |    57 |    14 ||   130
         Chain mail        |       |       |       |   187 ||   187
  Dodge: Dodged            |    15 |    77 |    94 |   100 ||   286

Levels and vault maps discovered:
D:1:      lemuel_arrival_rhombus, layout_loops_ring, minmay_cupped
D:2:      layout_rooms, basic_altar, grunt_ministairs_11, minmay_tetromino_t2
D:3:      minmay_roachtagon, layout_rooms, lemuel_doored_altar, serial_shops,
          shop_statue
D:4:      layout_rooms, minmay_tree_intersection
D:5:      layout_layer_cave, minmay_temple_entry_glass, portal_sewer_entry_e,
          gup_ossuary_entry_pyramid, kennysheep_minor_cross,
          pf_guarded_unrand_delatra
D:6:      layout_loops_ring, grunt_dithmenos_smoke,
          mainiacjoe_overflow_alcove_1, doesnt_xom_only_xom, tso_metal_star,
          nicolae_hepliaklqana_hippocampus, nicolae_fountain_basement,
          uniq_blork_the_orc
D:7:      layout_basic, serial_shops, shop
D:8:      layout_loops_ring, dpeg_lair_monsters
D:9:      layout_small_grid, mainiacjoe_overflow_chevrons, uniq_prince_ribbit1
Temple:   regret_index_temple_generic_petals
Lair:1:   layout_gridlike, st_stairs_13, patterned_corridor, grunt_megastairs_4
Lair:2:   layout_regular_city, nicolae_quartered_pool_medium,
          beast_lair_carwin_10
Lair:3:   beast_lair_carwin_large_2, layout_misc_corridors, swamp_mist,
          guppyfry_snake_entry_garden, infiniplex_staircase_pool_2

Notes
Turn   | Place    | Note
-------+----------+-------------------------------------------
     0 | D:1      | kae the Gargoyle Earth Elementalist began the quest for the
                  | Orb.
     0 | D:1      | Reached XP level 1. HP: 10/10 MP: 3/3
     0 | D:1      | magus.rc [v1.11.3]
    29 | D:1      | You pick up a book of Displacement and begin reading...
    29 | D:1      | You add the spells Lesser Beckoning, Gell's Gravitas and
                  | Teleport Other to your library.
    95 | D:1      | Reached XP level 2. HP: 15/15 MP: 3/5
   121 | D:1      | Reached skill level 1 in Conjurations
   170 | D:1      | Reached skill level 4 in Earth Magic
   503 | D:1      | Reached XP level 3. HP: 19/19 MP: 4/6
   507 | D:1      | Learned a level 3 spell: Stone Arrow
   510 | D:1      | Learned a level 2 spell: Passwall
   963 | D:2      | Reached skill level 2 in Conjurations
  1149 | D:2      | Found a shadowy altar of Dithmenos.
  1153 | D:2      | Reached XP level 4. HP: 24/24 MP: 4/7
  1156 | D:2      | Identified the +1 long sword "Nudieff" {flame, rElec rF+
                  | Str+3 Int+3}
  1352 | D:2      | You pick up a book of Blood and begin reading...
  1352 | D:2      | You add the spells Wereblood and Summon Hydra to your
                  | library.
  1373 | D:2      | Identified the +8 long sword of Rait {drain, rF+ Str+5}
  1704 | D:3      | Reached skill level 5 in Earth Magic
  1719 | D:3      | Reached XP level 5. HP: 28/28 MP: 7/9
  1754 | D:3      | Identified the +7 chain mail of the Sun {Int+5}
  1824 | D:3      | Reached skill level 3 in Conjurations
  1842 | D:3      | Found a hide-covered altar of Uskayaw.
  1981 | D:3      | You pick up a book of Debilitation and begin reading...
  1981 | D:3      | You add the spells Slow, Vampiric Draining and Confusing
                  | Touch to your library.
  2054 | D:3      | You pick up a book of Burglary and begin reading...
  2054 | D:3      | You add the spells Ensorcelled Hibernation and Swiftness to
                  | your library.
  2086 | D:3      | Found Rohoew's Magic Scroll Shop.
  2272 | D:3      | Bought a scroll of identify for 22 gold pieces
  2277 | D:3      | Bought a scroll of teleportation for 33 gold pieces
  2690 | D:4      | Reached skill level 3 in Spellcasting
  2693 | D:4      | You pick up a book of Blood and begin reading...
  2708 | D:4      | You pick up a book of Cantrips and begin reading...
  2708 | D:4      | You add the spells Necrotise, Summon Small Mammal and
                  | Apportation to your library.
  2821 | D:5      | Entered Level 5 of the Dungeon
  2841 | D:5      | Noticed an orc warrior
  2843 | D:5      | Reached XP level 6. HP: 32/32 MP: 6/10
  2852 | D:5      | Found the +1 Delatra's gloves {ID++}
  2854 | D:5      | HP: 6/32 [orc/+0 flail (6)]
  3010 | D:5      | Reached skill level 4 in Conjurations
  3025 | D:5      | Identified the +2 mace "Ciatan Awni" {heavy, rF+ rN++ Int+2
                  | SInv}
  3042 | D:5      | Reached skill level 6 in Earth Magic
  3087 | D:5      | Found a sand-covered staircase.
  3094 | Ossuary  | Entered an ossuary
  3289 | Ossuary  | Reached XP level 7. HP: 36/36 MP: 8/12
  3418 | D:5      | Found a staircase to the Ecumenical Temple.
  3426 | Temple   | Entered the Ecumenical Temple
  3511 | Temple   | Became a worshipper of Vehumet
  3776 | D:5      | Reached skill level 5 in Conjurations
  4787 | D:6      | Reached skill level 7 in Earth Magic
  4908 | D:6      | Reached skill level 1 in Armour
  4966 | D:6      | Found a hazy altar of Hepliaklqana.
  5066 | D:6      | Found a shadowy altar of Dithmenos.
  5089 | D:6      | Reached XP level 8. HP: 31/41 MP: 10/13
  5116 | D:6      | Found a bloodstained altar of Trog.
  5118 | D:6      | Found an ancient bone altar of Kikubaaqudgha.
  5118 | D:6      | Found a blossoming altar of Fedhas.
  5120 | D:6      | Found a shimmering altar of Xom.
  5120 | D:6      | Found a shimmering altar of Xom.
  5120 | D:6      | Found a shimmering altar of Xom.
  5174 | D:6      | Reached skill level 4 in Spellcasting
  5221 | D:6      | Found a glowing golden altar of the Shining One.
  5244 | D:6      | Reached skill level 6 in Conjurations
  5351 | D:6      | Noticed Blork the orc
  5357 | D:6      | Killed Blork the orc
  5358 | D:6      | Reached skill level 2 in Armour
  5396 | D:6      | You add the spells Kindle Blastsparks, Ignite Poison and
                  | Freezing Cloud to your library.
  5692 | D:6      | Found an opulent altar of Gozag.
  5794 | D:7      | Reached skill level 8 in Earth Magic
  6033 | D:7      | Reached skill level 7 in Conjurations
  6054 | D:7      | Reached * piety under Vehumet
  6054 | D:7      | Offered knowledge of Foxfire by Vehumet.
  6055 | D:7      | Reached skill level 3 in Armour
  6056 | D:7      | Reached XP level 9. HP: 35/45 MP: 7/16
  6146 | D:7      | Reached skill level 9 in Earth Magic
  6212 | D:7      | Found Poakotz's Jewellery Boutique.
  6457 | D:7      | Reached skill level 5 in Spellcasting
  6475 | D:7      | Reached skill level 4 in Armour
  6475 | D:7      | Reached skill level 8 in Conjurations
  6717 | D:7      | Learned a level 4 spell: Petrify
  6815 | D:8      | Identified the ring "Ogeipyil" {rPois Dex+3}
  6923 | D:8      | Noticed a death yak
  6946 | D:8      | Killed a death yak
  6947 | D:8      | Reached skill level 10 in Earth Magic
  7028 | D:8      | Noticed a death yak
  7102 | D:8      | Noticed a death yak
  7114 | D:8      | Killed a death yak
  7115 | D:8      | Reached skill level 5 in Armour
  7115 | D:8      | Reached skill level 9 in Conjurations
  7115 | D:8      | Reached XP level 10. HP: 22/50 MP: 1/18
  7440 | D:8      | Found a staircase to the Lair.
  7567 | D:8      | Reached skill level 11 in Earth Magic
  7607 | D:8      | Reached ** piety under Vehumet
  7641 | D:8      | Killed a death yak
  7642 | D:8      | Reached skill level 6 in Spellcasting
  7649 | D:8      | Offered knowledge of Static Discharge by Vehumet.
  7657 | D:8      | Reached skill level 10 in Conjurations
  8046 | D:8      | Reached skill level 6 in Armour
  8195 | D:9      | Identified the ring of Kisoa {rElec rN+ rCorr Dex-5 SInv}
  8269 | D:9      | Noticed a two-headed ogre
  8273 | D:9      | Killed a two-headed ogre
  8274 | D:9      | Reached skill level 12 in Earth Magic
  8274 | D:9      | Reached XP level 11. HP: 41/54 MP: 10/20
  8467 | D:9      | Noticed Prince Ribbit
  8474 | D:9      | Killed Prince Ribbit
  8657 | D:9      | Offered knowledge of Scorch by Vehumet.
  8847 | D:9      | Found a sparkling altar of Nemelex Xobeh.
  8894 | D:9      | Reached skill level 11 in Conjurations
  9029 | Lair:1   | Entered Level 1 of the Lair of Beasts
  9107 | Lair:1   | Reached skill level 7 in Spellcasting
  9129 | Lair:1   | Reached skill level 7 in Armour
  9129 | Lair:1   | Reached skill level 13 in Earth Magic
  9134 | Lair:1   | Reached *** piety under Vehumet
 10193 | Lair:2   | Reached skill level 12 in Conjurations
 10616 | Lair:2   | Reached XP level 12. HP: 59/59 MP: 15/23
 10946 | Lair:3   | Reached skill level 2 in Dodging
 10946 | Lair:3   | Noticed a death yak
 10947 | Lair:3   | Noticed a death yak
 10948 | Lair:3   | Noticed a death yak
 10949 | Lair:3   | Noticed a death yak
 11085 | Lair:2   | Reached skill level 14 in Earth Magic
 11085 | Lair:2   | Offered knowledge of Dazzling Flash by Vehumet.
 11266 | Lair:3   | Reached skill level 8 in Armour
 11295 | Lair:2   | Slain by a komodo dragon

Vanquished Creatures
  A two-headed ogre (D:9)
  3 death yaks (D:8)
  5 elephants (Lair:1)
  7 cane toads
  A komodo dragon (Lair:2)
  A troll (D:9)
  A hornet (D:9)
  Prince Ribbit (D:9)
  15 blink frogs
  A vampire (D:8)
  2 wyverns
  A wraith (D:9)
  12 yaks
  A basilisk (Lair:3)
  A steam dragon (D:7)
  6 water moccasins
  An orc warrior (D:7)
  2 sky beasts (D:7)
  A black bear (D:8)
  A centaur (D:9)
  An ogre (D:7)
  2 kobold brigands
  Blork the orc (D:6)
  9 bullfrogs
  3 scorpions (D:6)
  11 wights
  8 killer bees (D:7)
  4 howler monkeys (D:8)
  A centaur zombie (Ossuary)
  4 hounds
  A jelly (D:7)
  4 orc priests
  2 hell rats (D:8)
  6 iguanas
  9 orc wizards
  5 mummies
  3 gnolls (D:2)
  10 adders
  2 river rats (D:8)
  A shadow imp (D:7)
  An ufetubus (D:4)
  3 dart slugs (D:1)
  27 orcs
  10 endoplasms
  12 giant cockroaches
  3 gnoll zombies (Ossuary)
  5 goblins
  5 hobgoblins
  7 quokkas
  6 ball pythons
  6 bats
  7 frilled lizards
  A goblin zombie (Ossuary)
  A hobgoblin zombie (Ossuary)
  16 kobolds
  A kobold zombie (Ossuary)
  An orc zombie (Ossuary)
  7 rats
270 creatures vanquished.

Vanquished Creatures (collateral kills)
  An orc wizard (D:5)
  4 orcs (D:5)
5 creatures vanquished.

Vanquished Creatures (others)
  An orc warrior (D:5)
  A bush (Lair:3)
  A fungus (Lair:3)
  A plant (Lair:3)
4 creatures vanquished.

Grand Total: 279 creatures vanquished

Table legend:
 A = Non-vault XP
 B = Vault XP
 C = Vault XP percentage of total XP
 D = Non-vault monster count
 E = Vault monster count
 F = Vault count percentage of total count
                 A         B        C        D         E       F
            +---------+---------+-------+---------+---------+-------
      Total |   19048 |    4306 |  18.4 |     220 |      55 |  20.0
            +---------+---------+-------+---------+---------+-------
        D:1 |      52 |       2 |   3.7 |      31 |       1 |   3.1
        D:2 |      93 |       3 |   3.1 |      21 |       2 |   8.7
        D:3 |       7 |      20 |  74.1 |       5 |      10 |  66.7
        D:4 |     123 |       0 |   0.0 |      15 |       0 |   0.0
        D:5 |     297 |     112 |  27.4 |      16 |      11 |  40.7
        D:6 |     551 |      94 |  14.6 |      15 |       1 |   6.2
        D:7 |    1951 |       0 |   0.0 |      34 |       0 |   0.0
        D:8 |    2545 |    2511 |  49.7 |      32 |      10 |  23.8
        D:9 |    2558 |     268 |   9.5 |      12 |       1 |   7.7
     Lair:1 |    4002 |     147 |   3.5 |      12 |       1 |   7.7
     Lair:2 |    4369 |    1024 |  19.0 |      17 |       6 |  26.1
     Lair:3 |    2500 |       0 |   0.0 |      10 |       0 |   0.0
    Ossuary |       0 |     125 | 100.0 |       0 |      12 | 100.0
            +---------+---------+-------+---------+---------+-------

Illustrated notes

Table legend:
 A = Kills in this place as a percentage of kills in entire the game.
 B = Kills by you in this place as a percentage of kills by you in the entire game.
 C = Kills by friends in this place as a percentage of kills by friends in the entire game.
 D = Other kills in this place as a percentage of other kills in the entire game.
 E = Experience gained in this place as a percentage of experience gained in the entire game.
 F = Experience gained in this place divided by the number of levels of this place that you have seen.
                   A       B       C       D       E      F
               +-------+-------+-------+-------+-------+----------------------
         Total | 100.0 | 100.0 | 100.0 |   N/A | 100.0 | 1668.1
       Dungeon |  78.9 |  78.5 | 100.0 |   N/A |  47.9 | 1243.0
          Lair |  16.7 |  17.0 |   0.0 |   N/A |  51.6 | 4014.0
       Ossuary |   4.4 |   4.4 |   0.0 |   N/A |   0.5 | 125.0
               +-------+-------+-------+-------+-------+----------------------

Table legend: (Time is in decaauts)
 A = Elapsed time spent in this place.
 B = Non-inter-level travel time spent in this place.
 C = Inter-level travel time spent in this place.
 D = Time resting spent in this place.
 E = Time spent auto-exploring this place.
 F = Levels seen in this place.
 G = Mean time per level.
                   A        B        C        D        E       F      G
               +--------+--------+--------+--------+--------+-----+--------+
         Total |  11555 |  11003 |    552 |    436 |   8591 |  14 |  825.4 |
       Dungeon |   8808 |   8364 |    444 |    182 |   6710 |   9 |  978.7 |
        Temple |    140 |     88 |     52 |      0 |      0 |   1 |  140.0 |
          Lair |   2315 |   2260 |     55 |    254 |   1712 |   3 |  771.7 |
       Ossuary |    291 |    291 |      0 |      0 |    169 |   1 |  291.0 |
               +--------+--------+--------+--------+--------+-----+--------+

Top non-repeatable levels by time:
     D:5: 1578 daAuts
     D:8: 1468 daAuts
  Lair:2: 1372 daAuts
     D:7: 1054 daAuts
     D:1: 977 daAuts
     D:6: 958 daAuts
  Lair:1: 866 daAuts
     D:9: 864 daAuts
     D:2: 749 daAuts
     D:3: 612 daAuts
     D:4: 545 daAuts
 Ossuary: 291 daAuts
  Temple: 140 daAuts
  Lair:3: 76 daAuts
